 Dungeon Crawl Stone Soup version 0.28-a0-677-g3278d6a771 (webtiles) character file.

Game seed: 8367071830270391170

1373 Aksej the Slasher (level 8, -2/94 HPs)
             Began as a Demonspawn Gladiator on Oct 18, 2021.
             Was a Believer of Qazlal.
             Slain by a white imp (3 damage)
             ... summoned by Eustachio
             ... on level 5 of the Dungeon.
             The game lasted 00:19:27 (5407 turns).

Aksej the Slasher (Demonspawn Gladiator)            Turns: 5407, Time: 00:19:28

Health: -2/94      AC:  5    Str: 19      XL:     8   Next: 39%
Magic:  8/8        EV: 14    Int: 13      God:    Qazlal [**....]
Gold:   252        SH: 10    Dex: 18 (19) Spells: 7/7 levels left

rFire   . . .      SeeInvis +   a - +1 long sword
rCold   . . .      Faith    +   (no shield)
rNeg    . . .      Spirit   .   b - +0 leather armour
rPois   +          Reflect  .   c - +0 helmet
rElec   +          Harm     .   (no cloak)
rCorr   .          Rampage  .   f - +0 pair of gloves
Will    .....                   (no boots)
Stlth   ..........              g - amulet of Sygrea {Faith +Blink rElec Str+4}
HPRegen 0.25/turn               e - ring of poison resistance
MPRegen 0.11/turn               (no ring)

@: mighty, berserking, very quick
A: powered by pain 1, big brain 2, condensation shield, large bone plates 1, see
invisible, agile 1, deterioration 1, robust 1, wild magic 1, evolution 1
a: Renounce Religion, Evoke Blink, Upheaval


You were on level 5 of the Dungeon.
You worshipped Qazlal.
Qazlal was pleased with you.
You visited 1 branch of the dungeon, and saw 5 of its levels.
You also visited: Sewer.

You collected 252 gold pieces.

Inventory:

Hand Weapons
 a - a +1 long sword (weapon)
Missiles
 d - a throwing net (quivered)
 l - 3 boomerangs
Armour
 b - a +0 leather armour (worn)
 c - a +0 helmet (worn)
 f - a +0 pair of gloves (worn)
Jewellery
 e - a ring of poison resistance (left hand)
 g - the amulet of Sygrea (around neck) {Faith +Blink rElec Str+4}
   (You acquired it on level 4 of the Dungeon)

   [amulet of faith]

   It allows you to gain divine favour quickly.
   Str:       It affects your strength (+4).
   rElec:     It insulates you from electricity.
   +Blink:    It lets you blink.
Wands
 j - a wand of acid (9)
Scrolls
 h - a scroll of enchant weapon
 i - 2 scrolls of teleportation
 o - a scroll of blinking {unknown}
 p - a scroll of acquirement
 r - a scroll of fear {unknown}
 s - a scroll of magic mapping
Potions
 k - 2 potions of lignification
 t - a potion of cancellation


   Skills:
 + Level 3.3 Fighting
 * Level 7.6 Long Blades
 + Level 2.0 Throwing
 + Level 2.1 Armour
 * Level 4.8 Dodging
 + Level 1.0 Stealth
 + Level 2.2 Shields


You had 7 spell levels left.
You didn't know any spells.
Your spell library contained the following spells:

 Spells                   Type           Power      Damage    Failure   Level
 Pain                     Necr           0%         1d4       45%         1
 Agony                    Necr           0%         N/A       100%        5
 Excruciating Wounds      Necr           0%         N/A       100%        5


Dungeon Overview and Level Annotations

Branches:
Dungeon (5/15)             Temple (0/1) D:5           Sewer (visited)

Altars:
Fedhas
Hepliaklqana
Qazlal
Sif Muna
Uskayaw
Xom
Yredelemnul

Shops:
D:5 *

Annotations:
D:3 2 runed translucent doors, KristoblXynda's ghost, amateur DrGl
D:5 Dowan; Eustachio


Innate Abilities, Weirdness & Mutations

You sometimes gain a little power by taking damage.
You have an extremely huge brain. (Int +4)
A meltable shield of frost defends you. (SH +4)
You are partially covered in large bone plates. (SH +4)
You have supernaturally acute eyesight. (SInv)
You are agile. (Dex +2)
Your body sometimes deteriorates upon taking damage.
You are robust. (+10% HP)
Your spells are a little harder to cast, but a little more powerful.
You have hidden genetic potential.


Message History

You hit Duvessa but do no damage.
Duvessa is almost dead.
The white imp closely misses you. Duvessa hits you but does no damage.
You hit Duvessa.
You kill Duvessa!
Qazlal accepts your kill.
You hear a distant wail of despair.
The white imp hits you. The white imp freezes you.
You block the wyvern's attack.
You hit the wyvern.
The wyvern is lightly wounded.
Dowan seems to find hidden reserves of power!
The hound pauses to sniff the ground.
You block the white imp's attack. You block the wyvern's attack.
You closely miss the wyvern.
The wyvern is lightly wounded.
You block the wyvern's attack.
A bullfrog skeleton comes into view.
You block the white imp's attack. The wyvern closely misses you.
You hit the wyvern but do no damage.
The wyvern is lightly wounded.
Dowan says, "Magic will overcome all!"
Dowan gestures wildly while chanting.
Dowan blinks!
The white imp hits you. The white imp freezes you.
* * * LOW HITPOINT WARNING * * *
The wyvern barely misses you.
Eustachio casts a spell.
You hit the wyvern.
The wyvern is lightly wounded.
The wyvern bites you!
* * * LOW HITPOINT WARNING * * *
Your body deteriorates!
You feel clumsy.
You focus on the pain.
You feel very mighty all of a sudden. The white imp barely misses you.
You block the wyvern's attack.
Unknown command.
A red film seems to cover your vision as you go berserk!
You feel yourself moving faster!
You feel mighty! The white imp hits you.
* * * LOW HITPOINT WARNING * * *
The white imp freezes you.
You die...

#.#...... #.#.####.
#.#.####. #......#.
###.##... #.####.
####......
###########.#######.
#hl@5........# #.
#@#########.## #. .5
#.# #. ..Z ##.# ##
... ##### #).# ..
##...## #)## .
##.....###)#
#.......##.#
#..._......#########


You could see Eustachio, a wyvern, a hound, 2 white imps and a bullfrog
skeleton.

Vanquished Creatures
  A wyvern (D:5)
  Duvessa (D:5)
  Purgy (Sewer)
  A sky beast (D:5)
  An ogre (D:5)
  A phantom (D:4)
  2 scorpions (D:5)
  5 wights (D:5)
  A hound (D:5)
  2 bullfrog skeletons
  A jelly (D:2)
  An orc priest (D:5)
  A gnoll shaman (D:4)
  2 orc wizards (D:5)
  2 hound skeletons
  4 gnolls (D:4)
  8 adders
  2 river rats (D:5)
  An ufetubus (D:4)
  4 worms
  2 dart slugs
  2 orcs (D:5)
  6 endoplasms
  4 giant cockroaches
  9 goblins
  8 hobgoblins
  6 jackals
  10 kobolds
  4 quokkas
  8 ball pythons
  6 bats
  8 frilled lizards
  7 rats
122 creatures vanquished.

Notes
Turn   | Place    | Note
-------+----------+-------------------------------------------
     0 | D:1      | Aksej the Demonspawn Gladiator began the quest for the Orb.
     0 | D:1      | Reached XP level 1. HP: 16/16 MP: 1/1
   107 | D:1      | Reached skill level 3 in Long Blades
   107 | D:1      | Gained mutation: You sometimes gain a little power by
                  | taking damage. [demonic ancestry]
   107 | D:1      | Reached XP level 2. HP: 19/22 MP: 2/2
   650 | D:1      | Found a faded altar of an unknown god.
   791 | D:2      | Gained mutation: A meltable shield of frost defends you.
                  | (SH +4) [demonic ancestry]
   791 | D:2      | Reached XP level 3. HP: 27/27 MP: 3/3
  1172 | D:2      | Reached skill level 4 in Long Blades
  1172 | D:2      | Gained mutation: You have an unusually large brain. (Int
                  | +2) [demonic ancestry]
  1172 | D:2      | Reached XP level 4. HP: 18/33 MP: 4/4
  1860 | D:2      | Gained mutation: You sometimes lose the ability to read
                  | scrolls when taking damage. [potion of mutation]
  1860 | D:2      | Gained mutation: You are somewhat resistant to further
                  | mutation. [potion of mutation]
  1861 | D:2      | Lost mutation: You sometimes lose the ability to read
                  | scrolls when taking damage. [potion of mutation]
  1861 | D:2      | Lost mutation: You are somewhat resistant to further
                  | mutation. [potion of mutation]
  1861 | D:2      | Gained mutation: You have hidden genetic potential. [potion
                  | of mutation]
  1861 | D:2      | Gained mutation: You have supernaturally acute eyesight.
                  | (SInv) [potion of mutation]
  1861 | D:2      | Gained mutation: You are robust. (+10% HP) [potion of
                  | mutation]
  2003 | D:3      | Found a stormy altar of Qazlal.
  2011 | D:3      | Became a worshipper of Qazlal Stormbringer
  2096 | D:3      | Found a runed translucent door.
  2100 | D:3      | Noticed KristoblXynda's ghost (amateur DrGl)
  2398 | D:3      | Found a runed translucent door.
  2963 | D:3      | Found a hazy altar of Hepliaklqana.
  3010 | D:4      | Noticed a phantom
  3019 | D:4      | Killed a phantom
  3020 | D:4      | Reached skill level 1 in Armour
  3020 | D:4      | Reached XP level 5. HP: 18/42 MP: 5/5
  3024 | D:4      | Gained mutation: You possess an exceptional clarity of
                  | mind. [hidden potential]
  3329 | D:4      | Identified a scroll of acquirement
  3329 | D:4      | Acquired the amulet of Sygrea {Faith +Blink rElec Str+4}
  3358 | D:4      | Found a hide-covered altar of Uskayaw.
  3570 | D:4      | Reached skill level 5 in Long Blades
  3577 | D:4      | Reached skill level 1 in Shields
  3577 | D:4      | Reached XP level 6. HP: 48/50 MP: 6/6
  3603 | D:4      | Gained mutation: You expend magic power (3 MP) to
                  | strengthen your wands. [hidden potential]
  3603 | D:4      | Lost mutation: You have hidden genetic potential. [hidden
                  | potential expressed]
  3777 | D:4      | Reached * piety under Qazlal
  3912 | D:5      | Entered Level 5 of the Dungeon
  3912 | D:5      | Noticed Duvessa
  3912 | D:5      | Noticed Dowan
  3971 | D:5      | Noticed a sky beast
  3986 | D:5      | Killed a sky beast
  3987 | D:5      | Gained mutation: You have an extremely huge brain. (Int +4)
                  | [demonic ancestry]
  3987 | D:5      | Reached XP level 7. HP: 47/56 MP: 7/7
  4112 | D:5      | Found a glowing drain.
  4119 | Sewer    | Entered a sewer
  4243 | Sewer    | Noticed Purgy
  4252 | Sewer    | Killed Purgy
  4253 | Sewer    | Reached skill level 6 in Long Blades
  4372 | Sewer    | Lost mutation: You expend magic power (3 MP) to strengthen
                  | your wands. [potion of mutation]
  4372 | Sewer    | Lost mutation: You possess an exceptional clarity of mind.
                  | [potion of mutation]
  4372 | Sewer    | Gained mutation: Your spells are a little harder to cast,
                  | but a little more powerful. [potion of mutation]
  4372 | Sewer    | Gained mutation: Your body sometimes deteriorates upon
                  | taking damage. [potion of mutation]
  4372 | Sewer    | Gained mutation: You have hidden genetic potential. [potion
                  | of mutation]
  4372 | Sewer    | Gained mutation: You are partially covered in large bone
                  | plates. (SH +4) [potion of mutation]
  4468 | D:5      | Reached ** piety under Qazlal
  4556 | D:5      | Found a blossoming altar of Fedhas.
  4572 | D:5      | Noticed a wyvern
  4579 | D:5      | Killed a wyvern
  4757 | D:5      | Found Daurphey's Overcharged Wands.
  4807 | D:5      | Found a staircase to the Ecumenical Temple.
  4848 | D:5      | Found a shimmering altar of Xom.
  4852 | D:5      | Reached XP level 8. HP: 63/63 MP: 8/8
  4892 | D:5      | Found a shimmering blue altar of Sif Muna.
  4953 | D:5      | Reached skill level 7 in Long Blades
  4954 | D:5      | Reached skill level 1 in Stealth
  4966 | D:5      | Gained mutation: You are agile. (Dex +2) [hidden potential]
  5231 | D:5      | Found a basalt altar of Yredelemnul.
  5380 | D:5      | Noticed Eustachio
  5402 | D:5      | Killed Duvessa
  5406 | D:5      | HP: 3/63 [wyvern (16)]
  5407 | D:5      | HP: 1/94 [white imp[Eustachio] (3)]
  5407 | D:5      | Slain by a white imp

Illustrated notes

Levels and vault maps discovered:
D:1:      eino_arrival_cavern_a, layout_rooms, ebering_ecumenical_altar_mist
D:2:      minmay_razor_zed, layout_loops_corners, minmay_pentomino_pile
D:3:      layout_basic, nicolae_qazlal_eye_of_the_storm, general_overflow_altar,
          ebering_ghost_sewer_f, fountainhead, corner_web_ring
D:4:      layout_basic, mainiacjoe_overflow_six_doors_small
D:5:      layout_loops_cross, lemuel_round_altar, lemuel_crystal_altar,
          mainiacjoe_overflow_alcove_1, led_sif_pool, minmay_temple_entry_waves,
          lightli_sewer_entry_pipes, nicolae_shop_overcharged_wands,
          uniq_eustachio, uniq_duvessa

Skill      XL: |  1  2  3  4  5  6  7  8 |
---------------+-------------------------+-----
Long Blades    | 3 4 5 6 7 |  7.6
Dodging        | 3 4 |  4.8
Armour         | 1 2 |  2.1
Shields        | 1 2 |  2.2
Throwing       | 2 |  2.0
Fighting       | 3 |  3.3
Stealth        | 1 |  1.0

Action                   |  1- 3 |  4- 6 |  7- 9 || total
-------------------------+-------+-------+-------++-------
Melee: Long sword        |    93 |   186 |   137 ||   416
Throw: Throwing net      |       |     4 |       ||     4
  Use: Scroll            |       |    13 |     1 ||    14
       Potion            |       |     5 |     3 ||     8
 Stab: Sleeping          |     1 |       |       ||     1
       Held in net/web   |       |     6 |       ||     6
Armor: Leather armour    |    28 |    63 |    21 ||   112
Dodge: Dodged            |    77 |   116 |    81 ||   274
Block: Other             |    12 |    26 |    63 ||   101

Table legend: (Time is in decaauts)
 A = Elapsed time spent in this place.
 B = Non-inter-level travel time spent in this place.
 C = Inter-level travel time spent in this place.
 D = Time resting spent in this place.
 E = Time spent auto-exploring this place.
 F = Levels seen in this place.
 G = Mean time per level.
                   A        B        C        D        E       F      G
               +--------+--------+--------+--------+--------+-----+--------+
         Total |   5546 |   5462 |     84 |      0 |   4406 |   6 |  924.3 |
       Dungeon |   5171 |   5087 |     84 |      0 |   4124 |   5 | 1034.2 |
         Sewer |    375 |    375 |      0 |      0 |    282 |   1 |  375.0 |
               +--------+--------+--------+--------+--------+-----+--------+

Top non-repeatable levels by time:
     D:2: 1232 daAuts
     D:5: 1211 daAuts
     D:3: 1097 daAuts
     D:4: 937 daAuts
     D:1: 691 daAuts
   Sewer: 375 daAuts
